 Dungeon Crawl Stone Soup version 0.30-a0-879-ga8ba668304 (webtiles) character file.

Game seed: 9149393747269586237

1557573 bakla the Worldbinder (level 27, 223/223 HPs)
             Began as an Octopode Earth Elementalist on Mar 12, 2023.
             Was the Champion of Vehumet.
             Escaped with the Orb
             ... and 3 runes on Mar 14, 2023!
             The game lasted 04:59:13 (81940 turns).

bakla the Worldbinder (OpEE)                       Turns: 81940, Time: 04:59:13

Health: 223/223    AC: 26    Str:  9    XL:     27
Magic:  9/43       EV: 47    Int: 41    God:    Vehumet [******]
Gold:   4149       SH:  0    Dex: 24    Spells: 1/58 levels left

rFire   + + +      SeeInvis +    u - melded +8 falchion of the Holding Seer {drain, Fly rF- rN+ Int+5}
rCold   + . .      Faith    .    (shield currently unavailable)
rNeg    . . .      Spirit   .    K - melded +0 hat of Vehumet's Benevolence {rF+ Int+3}
rPois   ∞          Reflect  .    y - amulet of regeneration
rElec   +          Rampage  .    A - +5 ring of evasion
rCorr   .                        f - ring of wizardry
Will    ++++.                    O - ring of Conformity {Contam rF+++ rC+ Will++ Int+3}
Stlth   +                        I - +6 ring of intelligence
HPRegen 1.37/turn                C - +4 ring of protection
MPRegen 0.28/turn                G - ring "Zecefiad" {Dex+4 SInv}
                                 Y - +6 ring of dexterity
                                 M - +6 ring of intelligence

@: storm-form, flying, studying Earth Magic
A: cleaving, insubstantial, flying, almost no armour, amphibious, 8 rings,
(camouflage 1), (gelatinous body 1), (nimble swimmer 1), (tentacles), dopey 1,
robust 1, wild magic 1
0: Orb of Zot
}: 3/15 runes: barnacled, silver, gossamer
a: Blinkbolt, End Transformation, Renounce Religion


You escaped.
You worshipped Vehumet.
Vehumet was exalted by your worship.
You were a lightning-filled tempest!
You visited 11 branches of the dungeon, and saw 51 of its levels.
You also visited: Sewer, Bailey, Ice Cave and Desolation.

You collected 6593 gold pieces.
You spent 2444 gold pieces at shops.

Inventory:

Hand Weapons
 u - the +8 falchion of the Holding Seer (melded) {drain, Fly rF- rN+ Int+5}
   (You found it on level 1 of the Crypt)

   Int:       It affects your intelligence (+5).
   rF:        It makes you vulnerable to fire.
   rN:        It protects you from negative energy.
   Fly:       It grants you flight.
Missiles
 i - 14 curare-tipped darts
 N - 11 throwing nets
Armour
 K - the +0 hat of Vehumet's Benevolence (melded) {rF+ Int+3}
   (You found it on level 10 of the Dungeon)

   Int:       It affects your intelligence (+3).
   rF:        It protects you from fire.
 V - a +0 hat of see invisible
Jewellery
 e - the amulet of Kagynir {RegenMP Dex+2}
   (You found it in the Desolation of Salt)

   [amulet of magic regeneration]

   It increases your rate of magic regeneration.
   Dex:       It affects your dexterity (+2).
 f - a ring of wizardry (right tentacle)
 h - a ring of resist corrosion
 k - a +4 ring of protection
 o - a ring of protection from fire
 y - an amulet of regeneration (around neck)
 A - a +5 ring of evasion (left tentacle)
 C - a +4 ring of protection (on tentacle)
 G - the ring "Zecefiad" (on tentacle) {Dex+4 SInv}
   (You took it off a deep elf pyromancer on level 3 of the Elven Halls)

   [ring of see invisible]

   Dex:       It affects your dexterity (+4).
   SInv:      It lets you see invisible.
 H - the ring "Igrodgh" {rPois Int+2}
   (You found it in the Desolation of Salt)

   [ring of poison resistance]

   Int:       It affects your intelligence (+2).
   rPois:     It protects you from poison.
 I - a +6 ring of intelligence (on tentacle)
 M - a +6 ring of intelligence (on tentacle)
 O - the ring of Conformity (on tentacle) {Contam rF+++ rC+ Will++ Int+3}
   (You took it off an imperial myrmidon in the Desolation of Salt)

   [ring of protection from cold]

   Int:       It affects your intelligence (+3).
   rF:        It renders you almost immune to fire.
   rC:        It protects you from cold.
   Contam:    It causes magical contamination when unequipped.
   Will:      It greatly increases your willpower.
 S - the ring "Urreg" {Fly rElec rC- Will+ Dex+5}
   (You found it on level 5 of the Vaults)

   [ring of willpower]

   Dex:       It affects your dexterity (+5).
   rC:        It makes you vulnerable to cold.
   rElec:     It insulates you from electricity.
   Fly:       It grants you flight.
   Will:      It increases your willpower.
 Y - a +6 ring of dexterity (on tentacle)
Wands
 E - a wand of acid (18)
 X - a wand of digging (4)
 Z - a wand of roots (17)
Scrolls
 b - 6 scrolls of immolation
 g - 8 scrolls of fear
 l - a scroll of butterflies
 m - 18 scrolls of teleportation
 s - 3 scrolls of amnesia
 w - 3 scrolls of blinking
 z - 15 scrolls of poison
 Q - 14 scrolls of fog
 R - 9 scrolls of vulnerability
 U - a scroll of silence
Potions
 a - 6 potions of magic
 c - 3 potions of invisibility
 d - 28 potions of curing
 j - 12 potions of lignification
 n - 3 potions of cancellation
 p - 11 potions of heal wounds
 r - 12 potions of ambrosia
 t - 6 potions of mutation
 v - 9 potions of might
 x - 11 potions of flight
 B - 5 potions of brilliance
 D - a potion of haste
 T - 4 potions of resistance
Miscellaneous
 q - a box of beasts
 F - a lightning rod (4/4)
 L - a condenser vane (inert)
 P - a phantom mirror
 W - a phial of floods


   Skills:
 - Level 20.5 Fighting
 - Level 20.0 Dodging
 - Level 2.6 Stealth
 + Level 15.1 Unarmed Combat
 - Level 16.0 Spellcasting
 - Level 8.0 Conjurations
 - Level 3.0 Hexes
 - Level 21.0 Summonings
 - Level 6.0 Translocations
 - Level 14.0 Transmutations
 - Level 14.0 Air Magic
 - Level 19.0 Earth Magic
 - Level 8.0 Evocations


You had one spell level left.
You knew the following spells:

 Your Spells              Type           Power      Damage    Failure   Level
a - Irradiate             Conj/Tmut      51%        3d28      1%          5
b - Shatter               Erth           64%        3d47*     6%          9
c - Lehudib's Crystal Sp  Conj/Erth      56%        10d13     3%          8
d - Malign Gateway        Summ/Tloc      56%        N/A       2%          7
e - Spellforged Servitor  Conj/Summ      57%        N/A       1%          7
f - Lee's Rapid Deconstr  Erth           64%        3d29*     1%          5
g - Summon Mana Viper     Hex/Summ       100%       N/A       1%          5
h - Storm Form            Tmut/Air       56%        N/A       1%          7
i - Summon Lightning Spi  Summ/Air       100%       N/A       1%          4

Your spell library contained the following spells:

 Spells                   Type           Power      Damage    Failure   Level
 Chain Lightning          Conj/Air       51%        3d68      67%         9
 Fire Storm               Conj/Fire      35%        8d9       100%        9
 Apportation              Tloc           100%       N/A       1%          1
 Foxfire                  Conj/Fire      100%       2x1d9     1%          1
 Kiss of Death            Conj/Necr      100%       2d13      1%          1
 Magic Dart               Conj           100%       1d8       1%          1
 Sandblast                Erth           100%       2d20      1%          1
 Shock                    Conj/Air       100%       1d9       1%          1
 Slow                     Hex            100%       N/A       1%          1
 Sting                    Tmut/Pois      100%       1d8       1%          1
 Summon Small Mammal      Summ           100%       N/A       1%          1
 Blink                    Tloc           100%       N/A       1%          2
 Call Imp                 Summ           100%       N/A       1%          2
 Cigotuvi's Dreadful Rot  Necr/Pois/Air  100%       N/A       1%          2
 Lesser Beckoning         Tloc           100%       N/A       1%          2
 Momentum Strike          Conj/Tloc      100%       3d10      1%          2
 Passwall                 Tmut/Erth      100%       N/A       1%          2
 Poisonous Vapours        Pois/Air       100%       N/A       1%          2
 Scorch                   Fire           84%        2d9       1%          2
 Call Canine Familiar     Summ           100%       N/A       1%          3
 Confusing Touch          Hex            65%        N/A       1%          3
 Dazzling Flash           Conj/Hex       100%       N/A       1%          3
 Frozen Ramparts          Ice            84%        1d13      1%          3
 Hailstorm                Conj/Ice       71%        3d15      1%          3
 Ignite Poison            Fire/Tmut/Pois 75%        N/A       1%          3
 Inner Flame              Hex/Fire       55%        N/A       1%          3
 Kindle Blastsparks       Fire/Tloc/Air  100%       2d18      1%          3
 Mephitic Cloud           Conj/Pois/Air  88%        N/A       1%          3
 Ozocubu's Armour         Ice            42%        N/A       1%          3
 Portal Projectile        Hex/Tloc       100%       N/A       1%          3
 Stone Arrow              Conj/Erth      100%       3d13      1%          3
 Summon Guardian Golem    Hex/Summ       100%       N/A       1%          3
 Teleport Other           Tloc           82%        N/A       1%          3
 Tukima's Dance           Hex            65%        N/A       1%          3
 Vampiric Draining        Necr           42%        2d9       1%          3
 Airstrike                Air            56%        2d(9-25)  1%          4
 Cause Fear               Hex            32%        N/A       1%          4
 Flame Wave               Conj/Fire      71%        2d16      1%          4
 Fulminant Prism          Conj/Hex       39%        3d17      1%          4
 Ice Form                 Ice/Tmut       87%        N/A       1%          4
 Iskenderun's Mystic Bla  Conj/Tloc      87%        2d17      1%          4
 Leda's Liquefaction      Hex/Erth       51%        N/A       1%          4
 Olgreb's Toxic Radiance  Pois           42%        N/A       1%          4
 Passage of Golubria      Tloc           82%        N/A       1%          4
 Petrify                  Tmut/Erth      100%       N/A       1%          4
 Sticky Flame             Conj/Fire      71%        2d8       1%          4
 Summon Ice Beast         Ice/Summ       100%       N/A       1%          4
 Alistair's Intoxication  Tmut/Pois      58%        N/A       1%          5
 Blade Hands              Tmut           56%        N/A       1%          5
 Fireball                 Conj/Fire      35%        3d15      1%          5
 Freezing Cloud           Conj/Ice/Air   44%        6-21      1%          5
 Iskenderun's Battlesphe  Conj           91%        2d14      1%          5
 Silence                  Hex/Air        46%        N/A       1%          5
 Conjure Ball Lightning   Conj/Air       51%        3x3d18    1%          6
 Eringya's Noxious Bog    Tmut/Pois      43%        N/A       1%          6
 Statue Form              Tmut/Erth      80%        N/A       1%          6
 Summon Cactus Giant      Summ           66%        N/A       1%          6
 Dragon Form              Tmut           56%        N/A       1%          7
 Summon Horrible Things   Summ           66%        N/A       1%          8
 Anguish                  Hex/Necr       27%        N/A       3%          4
 Maxwell's Capacitive Co  Air            56%        ∞         3%          8
 Starburst                Conj/Fire      35%        6d10      4%          6
 Orb of Destruction       Conj           45%        9d12      4%          7
 Dispel Undead            Necr           42%        3d17      5%          4
 Metabolic Englaciation   Hex/Ice        27%        N/A       8%          5
 Dragon's Call            Summ           66%        N/A       9%          9
 Agony                    Necr           42%        N/A       13%         5
 Death Channel            Necr           21%        N/A       52%         6
 Simulacrum               Ice/Necr       21%        N/A       52%         6
 Ozocubu's Refrigeration  Ice            21%        4d12      58%         7
 Enfeeble                 Hex            32%        N/A       67%         7
 Disjunction              Tloc           41%        N/A       89%         8
 Discord                  Hex            32%        N/A       99%         8
 Ignition                 Fire           21%        3d8       99%         8
 Polar Vortex             Ice            21%        N/A       100%        9


Dungeon Overview and Level Annotations

Branches:
Dungeon (15/15)            Temple (1/1) D:6            Lair (5/5) D:11
 Shoals (4/4) Lair:2       Spider (4/4) Lair:3        Slime (0/5) Lair:4
    Orc (2/2) D:11            Elf (3/3) Orc:2        Vaults (5/5) D:13
  Crypt (3/3) Vaults:2       Tomb (0/3) Crypt:3      Depths (4/4) D:15
    Zot (5/5) Depths:4      Sewer (visited)          Bailey (visited)
  IceCv (visited)         Desolation (visited)

Altars:
Cheibriados
Dithmenos
Elyvilon
Kikubaaqudgha
Okawaru
Qazlal
Ru
Sif Muna
Uskayaw
Vehumet
Xom
Yredelemnul
Zin
Jiyva

Shops:
D:2 :   D:11 ?   D:15 [   Orc:1 !   Orc:2 *(=[   Shoals:1 ?[!   Vaults:1 (
Vaults:5 :   Depths:2 *

Portals:
Hell: Depths:1 Depths:2 Depths:3 Depths:4
Abyss: Depths:2 Depths:3 Depths:4
Pandemonium: Depths:2
Ziggurat: Depths:4

Annotations:
D:7 1 runed translucent door, Crazy Yiuf
Shoals:3 exclusion: water elemental
Shoals:4 Roxanne
Spider:1 2 transporters, exclusion: orange crystal statue, Farfigtubin's ghost, journeyman SpVM
Spider:2 1 runed translucent door, Lahaam's ghost, adept MiBe
Spider:3 1 runed translucent door, Axe's ghost, adept DrFi
Elf:2 3 runed translucent doors
Zot:4 exclusion: upstairs
Zot:5 exclusion: 2 upstairs


Innate Abilities, Weirdness & Mutations

You are a lightning-filled tempest!
Your electrical attacks strike out in all directions at once.
You are incredibly evasive.
Your insubstantial body is immune to petrification, constriction, and being set on fire You are flying.
You are immune to poison.
Your armour is entirely melded.
You are incapable of wielding weapons or throwing items.
You cannot wear most types of armour.
You are amphibious.
You can wear up to eight rings at the same time.
((Your skin changes colour to match your surroundings (Stealth+).))
((Your rubbery body absorbs attacks. (AC +1, EV +1)))
((You are camouflaged when in or above water. (Stealth+)))
((You have tentacles for arms and can constrict up to eight enemies at once.))
You are dopey. (Int -2)
You are robust. (+10% HP)
Your spells are a little harder to cast, but a little more powerful.


Message History

The dungeon rumbles!
Ka-crash!
Unknown command.
Casting: Shatter (dangerous; 3% risk of failure)
Confirm with . or Enter, or press ? or * to list all spells.
The dungeon rumbles!
Ka-crash!
An Orb Guardian comes into view.
Unknown command.
Casting: Shatter (dangerous; 3% risk of failure)
Confirm with . or Enter, or press ? or * to list all spells.
You don't have enough magic to cast this spell.
Unknown command.
Casting: Shatter (dangerous; 3% risk of failure)
Confirm with . or Enter, or press ? or * to list all spells.
You don't have enough magic to cast this spell.
Unknown command.
You turn into a lightning-filled tempest!
The +8 falchion of the Holding Seer {drain, Fly rF- rN+ Int+5} melds into your body.
The +0 hat of Vehumet's Benevolence {rF+ Int+3} melds into your body.
You float gracefully downwards.
There is an open door here.
You batter the Orb Guardian!!
Lightning courses through the Orb Guardian!!
The Orb Guardian is heavily wounded.
The Orb Guardian hits you but does no damage.
You buffet the Orb Guardian!
Lightning courses through the Orb Guardian!
The Orb Guardian is almost dead.
The Orb Guardian barely misses you.
You hit the Orb Guardian but do no damage.
The Orb Guardian is almost dead.
The Orb Guardian misses you.
You buffet the Orb Guardian!
You kill the Orb Guardian!
Vehumet accepts your kill.
You feel your power returning.
A shadow demon comes into view.
The shadow demon moves out of view.
There is a staircase leading out of the dungeon here.
The shadow demon gestures.
You have escaped!

##...#..###..###.........#
.........................#
#...###.....#.##.........# #...#
###..#...#.........#
#...#####................# ###
#.......[.......#....##### #.#
#.....###...........##.######.###
#...#.#......r...................
#............2..v.........####.##
#........#...###........[## #.#
#..#.....##...#........#.# #.#
#........'.#'#...........# #.#
.....#...#.#⌠..#....##..#### #.#
.....#...#.#...............###.#
.....#...##...##...............#
..#......####.#.............####
......^............########.#


You could see a shadow demon and a rat (summoned).

Vanquished Creatures
  3 dread liches
  4 ancient liches
  3 orbs of fire (Zot:5)
  Parghit (Zot:4)
  2 Killer Klowns (Zot:5)
  A curse toe (Zot:3)
  6 golden dragons
  A bone dragon (Crypt:3)
  3 electric golems
  Arachne (Spider:2)
  A Brimstone Fiend (Zot:4)
  2 hellephants (Depths:3)
  Mlioglotl (Spider:1)
  6 tentacled monstrosities
  A quicksilver dragon (Depths:2)
  A Hell Sentinel (Depths:3)
  6 titans
  2 deep elf master archers (Elf:3)
  5 liches
  20 Orb Guardians
  2 deep elf blademasters (Elf:3)
  An eldritch tentacle (Zot:5)
  2 sphinxes
  8 death cobs
  7 shadow dragons
  6 ancient champions (Crypt:3)
  Kirke (Shoals:1)
  5 storm dragons
  3 tengu reavers (Vaults:5)
  2 revenants (Crypt:3)
  5 draconian monks
  2 draconian knights
  7 fire giants
  3 frost giants
  6 deep elf sorcerers
  Louise (Spider:2)
  15 vault wardens
  A fire giant (shapeshifter) (Depths:4)
  3 draconian scorchers
  An imperial myrmidon (Desolation)
  2 emperor scorpions (Spider:4)
  2 draconian shifters
  4 ghost moths
  3 orc warlords
  3 deep elf elementalists (Elf:3)
  A caustic shrike zombie (Crypt:1)
  24 ironbound preservers
  2 cacodemons
  6 war gargoyles
  A draconian annihilator (Zot:1)
  5 draconian stormcallers
  17 stone giants
  A reaper (D:14)
  23 very ugly things
  8 deep elf demonologists
  7 ironbound thunderhulks
  4 vampire knights
  9 green draconians
  5 deep elf annihilators
  A black draconian (Zot:2)
  5 purple draconians
  13 dire elephants
  2 red draconians
  4 white draconians
  A lorocyproca (D:14)
  6 spark wasps
  A minotaur (D:11)
  Snorg (D:13)
  4 yellow draconians
  15 deep elf death magi
  4 eidola
  2 crystal guardians
  Josephine (Spider:1)
  9 ettins
  3 fire dragons (Depths:3)
  4 merfolk impalers
  The ghost of tkbsonic5 the Fighter, a journeyman DjAr of Okawaru (D:11)
  2 merfolk javelineers (Shoals:4)
  2 deep elf high priests
  10 jiangshi
  8 rakshasas
  2 ragged hierophants (Desolation)
  11 yaktaur captains
  A hell beast (Depths:2)
  6 hydras
  5 great orbs of eyes
  3 servants of whispers (Desolation)
  2 spriggan air magi (Depths:3)
  27 vault guards
  2 ice dragons
  6 peacekeepers
  2 merfolk avatars
  A spriggan skeleton (Crypt:1)
  A catoblepas (Lair:5)
  9 ironbound frosthearts
  An anaconda (shapeshifter) (Vaults:5)
  2 death knights (Crypt:3)
  A satyr (Shoals:3)
  10 centaur warriors
  4 merfolk aquamancers
  3 two-headed ogres
  21 dancing weapons
  2 boulder beetles
  9 hell hogs (Depths:3)
  10 vampire magi
  An alligator (shapeshifter) (Vaults:5)
  A death yak (Lair:4)
  4 deep troll earth magi
  3 spriggan berserkers
  A tengu warrior (Depths:2)
  16 deep elf knights
  An orc high priest (Orc:2)
  9 deep troll shamans
  5 hell knights (Vaults:4)
  Nergalle (D:10)
  Sonja (D:10)
  3 skysharks
  14 skeletal warriors
  2 sixfirhies
  A pharaoh ant (Spider:3)
  2 soul eaters
  9 iron trolls
  3 shadow wraiths
  A golden dragon zombie (Crypt:2)
  Lodul (D:11)
  2 sun moths (Spider:4)
  A glowing orange brain (shapeshifter) (Vaults:5)
  3 glowing orange brains
  7 orb spiders
  A deep troll (shapeshifter) (Vaults:5)
  71 deep trolls
  4 sea snakes
  8 deep elf archers
  13 wizards
  A spriggan simulacrum (Crypt:3)
  5 flayed ghosts
  An anaconda skeleton (Crypt:3)
  5 lindwurms (Vaults:1)
  5 phantasmal warriors
  25 harpies
  5 necromancers
  15 orc knights
  25 deep elf pyromancers
  22 deep elf zephyrmancers
  A shining eye (Depths:4)
  2 steelbarb worms (Spider:4)
  53 ugly things
  A tengu skeleton (Vaults:5)
  A fire giant zombie (Crypt:1)
  19 ironbound convokers
  A salamander (Depths:1)
  2 human zombies
  8 wolf spiders
  4 cyclopes
  An orc sorcerer (D:15)
  4 fauns
  12 manticores
  A shining eye (shapeshifter) (Vaults:4)
  An elf zombie (Vaults:3)
  14 elephants
  12 moths of wrath
  7 black mambas
  2 guardian serpents (Desolation)
  An eye of devastation (Depths:4)
  A naga mage (D:15)
  19 vault sentinels
  A black mamba (shapeshifter) (Elf:1)
  8 demonic crawlers
  2 orange demons
  2 centaur zombies
  4 molten gargoyles (Desolation)
  7 merfolk sirens
  8 cane toads
  A naga zombie (Crypt:3)
  A smoke demon (Depths:2)
  A gargoyle (Desolation)
  3 torpor snails
  A dire elephant skeleton (Crypt:2)
  4 water nymphs
  A centaur skeleton (Crypt:3)
  3 unseen horrors
  A cane toad (shapeshifter) (Elf:1)
  2 rime drakes
  A purple draconian zombie (Crypt:1)
  33 yaktaurs
  An efreet (D:15)
  An alligator snapping turtle skeleton (Crypt:1)
  5 freezing wraiths
  2 tengu conjurers
  A black draconian skeleton (Crypt:3)
  4 komodo dragons
  Psyche (D:10)
  A sea snake skeleton (Crypt:3)
  An ice devil (Depths:2)
  2 polar bears (Lair:5)
  11 meliai
  A polar bear (shapeshifter) (D:14)
  5 trolls
  8 hornets
  29 merfolk
  The ghost of cforsyth the Covered, an amateur BaFi (D:4)
  A hellwing (Depths:2)
  2 wolf spider simulacra (D:14)
  17 tarantellas
  A wind drake (Shoals:2)
  8 dream sheep
  A harpy skeleton (Crypt:2)
  An ettin zombie (Vaults:5)
  31 saltlings (Desolation)
  15 blink frogs
  12 snapping turtles
  A centaur simulacrum (D:15)
  4 flying skulls (Crypt:1)
  12 jumping spiders
  4 vampires (Crypt:3)
  13 water elementals
  9 spriggans
  2 air elementals (Elf:2)
  A shadow (D:13)
  24 slime creatures
  14 culicivoras
  A dire elephant simulacrum (IceCv)
  3 wyverns
  6 fire elementals
  5 hogs (Shoals:1)
  5 yaks
  6 golden eyes (D:13)
  An alligator snapping turtle simulacrum (Crypt:3)
  7 wraiths
  29 redbacks
  A neqoxec (Zot:5)
  An elf skeleton (Vaults:5)
  An entropy weaver zombie (Crypt:1)
  A merfolk zombie (Crypt:3)
  A cane toad zombie (Crypt:2)
  A floating eye (shapeshifter) (Vaults:5)
  2 floating eyes
  8 water moccasins
  12 orc warriors
  A deep troll skeleton (Crypt:1)
  An elephant zombie (Crypt:1)
  6 black bears
  2 ettin simulacra (IceCv)
  8 ogres
  2 alligator simulacra (IceCv)
  5 boggarts
  An elephant skeleton (Crypt:2)
  17 wolves
  6 centaurs
  A rime drake skeleton (Crypt:2)
  3 earth elementals (Elf:1)
  6 kobold brigands (Sewer)
  4 scorpions
  2 bullfrogs
  2 lindwurm simulacra (IceCv)
  16 killer bees
  A howler monkey (D:4)
  3 electric eels
  A crimson imp (D:10)
  A bullfrog zombie (Crypt:2)
  5 jellies
  7 hounds
  A sleepcap (D:4)
  6 orc priests
  3 iguanas (D:5)
  Jessica (D:2)
  A bullfrog skeleton (Crypt:3)
  8 orc wizards
  6 mummies (Crypt:3)
  3 gnolls (D:9)
  A howler monkey skeleton (Crypt:1)
  7 adders
  2 river rats (Sewer)
  A shadow imp (D:6)
  An ufetubus (D:4)
  A jelly zombie (Crypt:1)
  4 worms
  6 dart slugs
  41 orcs
  10 endoplasms
  4 giant cockroaches
  10 hobgoblins
  6 jackals
  6 quokkas
  5 ball pythons
  6 bats
  3 frilled lizards
  8 goblins
  15 kobolds
  10 rats
1682 creatures vanquished.

Vanquished Creatures (collateral kills)
  An orb of fire (Zot:1)
  2 Killer Klowns
  Xtahua (Crypt:1)
  A curse toe (Zot:2)
  2 golden dragons (Zot:1)
  A bone dragon (Depths:4)
  2 electric golems
  5 tentacled monstrosities
  7 Orb Guardians (Zot:5)
  A shard shrike skeleton (Crypt:2)
  Rupert (Lair:4)
  A lich (Depths:2)
  Asterion (Depths:1)
  3 quicksilver dragons
  A walking divine tome (Depths:3)
  5 death cobs
  An ancient champion (Crypt:1)
  An eldritch tentacle (Zot:2)
  A sphinx (Vaults:5)
  9 storm dragons
  6 tengu reavers
  5 draconian monks
  3 shadow dragons
  6 draconian knights
  An emperor scorpion (Spider:2)
  4 frost giants
  2 ghost moths
  8 draconian shifters
  2 draconian scorchers
  An orc warlord (Orc:2)
  A broodmother (Spider:4)
  A war gargoyle (Vaults:5)
  3 stone giants
  3 very ugly things
  4 draconian annihilators
  2 vampire knights
  9 green draconians
  2 deep elf demonologists
  A deep elf annihilator (Elf:1)
  10 white draconians
  14 black draconians
  5 dire elephants
  5 red draconians
  10 purple draconians
  7 yellow draconians
  A merfolk impaler (Shoals:4)
  A green death (Zot:4)
  An ettin (Depths:3)
  An entropy weaver (Spider:2)
  A merfolk javelineer (Shoals:4)
  2 fire dragons
  2 jiangshi
  3 deep elf death magi
  A yaktaur captain (Vaults:5)
  3 rakshasas
  A ragged hierophant (Desolation)
  A vault guard (Vaults:4)
  2 ice dragons
  2 hydras (Lair:5)
  Harold (Lair:1)
  An ogre mage (D:15)
  A peacekeeper (Desolation)
  A servant of whispers (Desolation)
  An ironbound frostheart (Vaults:1)
  A spriggan air mage (Depths:4)
  A two-headed ogre (Bailey)
  2 merfolk aquamancers (Shoals:4)
  2 deep troll shamans
  A centaur warrior (Vaults:2)
  A merfolk avatar (Shoals:4)
  A boulder beetle (D:12)
  2 death yaks (Lair:4)
  A deep troll earth mage (Depths:4)
  3 tengu warriors (Depths:2)
  A spriggan berserker (Depths:4)
  2 soul eaters (Crypt:3)
  2 deep elf knights (Elf:3)
  3 skeletal warriors (Crypt:2)
  16 deep trolls
  A sea snake (Shoals:4)
  2 sun moths (Spider:4)
  3 orb spiders
  2 flayed ghosts (Crypt:3)
  2 pharaoh ants
  3 deep elf archers
  3 steelbarb worms
  A jorogumo zombie (Crypt:3)
  A wizard (Vaults:2)
  6 harpies
  A phantasmal warrior (Crypt:3)
  6 deep elf zephyrmancers
  5 deep elf pyromancers
  8 wolf spiders
  A wolf spider zombie (D:15)
  A wolf spider (shapeshifter) (Depths:1)
  2 cyclopes
  2 fauns
  2 orc sorcerers (Orc:2)
  A faun (shapeshifter) (Elf:1)
  6 ugly things
  An oklob plant (Lair:2)
  5 manticores
  3 elephants
  11 moths of wrath
  A vault sentinel (Vaults:2)
  4 water nymphs
  2 merfolk sirens
  5 cane toads
  2 demonic crawlers
  A centaur skeleton (D:15)
  2 torpor snails
  A yaktaur zombie (Vaults:3)
  6 yaktaurs
  2 freezing wraiths
  A white draconian skeleton (Crypt:3)
  A komodo dragon (Lair:5)
  A troll (Orc:1)
  A yaktaur skeleton (Vaults:3)
  A red devil (D:9)
  A guardian mummy (Crypt:3)
  A meliai (Spider:2)
  3 wind drakes
  A queen bee (Spider:2)
  A merfolk (Shoals:1)
  5 hornets
  16 tarantellas
  9 saltlings (Desolation)
  6 dream sheep
  2 blink frogs
  4 snapping turtles
  12 jumping spiders
  2 water elementals
  A centaur simulacrum (D:15)
  A shadow (D:12)
  4 slime creatures
  7 yaks
  7 culicivoras
  2 wraiths
  8 spriggans
  A hog (Shoals:1)
  A golden eye (shapeshifter) (Depths:4)
  2 basilisks
  26 redbacks
  3 water moccasins
  An acid dragon (D:12)
  7 orc warriors
  A sky beast (D:7)
  An alligator simulacrum (IceCv)
  2 black bears (Lair:5)
  9 wolves
  A boggart (Lair:5)
  A snapping turtle skeleton (Crypt:1)
  A centaur (D:12)
  3 bullfrogs
  A gnoll sergeant (D:7)
  A wyvern skeleton (Crypt:3)
  11 killer bees
  4 orc priests
  An iron imp (D:10)
  9 orc wizards
  An ogre skeleton (Crypt:1)
  6 mummies (Crypt:3)
  4 gnolls (D:7)
  13 orcs
  A ball lightning (Spider:4)
543 creatures vanquished.

Vanquished Creatures (others)
  Nikola (Shoals:3)
  29 eldritch tentacles
  Aizul (Spider:4)
  A black draconian (Zot:1)
  A yellow draconian (Zot:1)
  A deep elf high priest (Elf:3)
  3 hydras
  A two-headed ogre (D:12)
  A centaur warrior (Shoals:1)
  21 death yaks
  2 deep elf knights
  A pharaoh ant (Spider:3)
  2 harpies (Shoals:1)
  2 wolf spiders
  A cyclops (D:11)
  An oklob plant (Lair:5)
  An orc sorcerer (Orc:2)
  A faun (Shoals:1)
  2 manticores
  2 black mambas
  An elephant (Lair:4)
  A cane toad (Lair:4)
  2 komodo dragons
  2 trolls
  A merfolk (Shoals:3)
  A tarantella (Spider:4)
  A dream sheep (Lair:3)
  2 blink frogs
  2 water elementals (Shoals:3)
  2 culicivoras (Spider:4)
  28 yaks
  4 spriggans
  6 redbacks
  2 steam dragons
  2 acid dragons
  A nameless horror (Depths:3)
  A swamp drake (D:10)
  4 water moccasins
  A sky beast (D:7)
  2 orc warriors
  13 ogres
  6 centaurs
  A gnoll sergeant (D:9)
  13 killer bees
  A gnoll bouda (Lair:3)
  2 orc wizards
  A gnoll (D:9)
  A shadow imp (D:10)
  A white imp (D:10)
  3 orcs
  20 ball lightnings (Spider:4)
  A bush (D:9)
  40 fungi
  130 plants
374 creatures vanquished.

Grand Total: 2599 creatures vanquished

Notes
Turn   | Place    | Note
-------+----------+-------------------------------------------
     0 | D:1      | bakla the Octopode Earth Elementalist began the quest for
                  | the Orb.
     0 | D:1      | Reached XP level 1. HP: 11/11 MP: 3/3
   200 | D:1      | Reached XP level 2. HP: 18/18 MP: 3/5
   360 | D:1      | Reached skill level 1 in Fighting
   453 | D:1      | Reached XP level 3. HP: 23/23 MP: 3/6
   875 | D:2      | Identified the +6 hand axe "Lybo" {vamp, rPois rF- Str+7}
  1154 | D:2      | Found Uthrapea's Book Shop.
  1157 | D:2      | Reached XP level 4. HP: 28/28 MP: 4/7
  1769 | D:2      | Noticed Jessica
  1770 | D:2      | Killed Jessica
  1771 | D:2      | Reached XP level 5. HP: 34/34 MP: 7/9
  2039 | D:2      | Learned a level 3 spell: Stone Arrow
  2673 | D:3      | Found a faded altar of an unknown god.
  2733 | D:4      | Found a large runed translucent door.
  2735 | D:4      | Found a large runed translucent door.
  2948 | D:4      | Reached skill level 1 in Conjurations
  2948 | D:4      | Reached XP level 6. HP: 41/41 MP: 7/10
  3636 | D:4      | Noticed cforsyth's ghost (amateur BaFi)
  3783 | D:4      | Reached XP level 7. HP: 46/46 MP: 8/12
  4340 | D:5      | Entered Level 5 of the Dungeon
  4689 | D:5      | Reached XP level 8. HP: 54/54 MP: 11/14
  4925 | D:5      | Reached skill level 5 in Dodging
  4925 | D:5      | Reached skill level 1 in Summonings
  5162 | D:6      | Found a staircase to the Ecumenical Temple.
  5173 | D:6      | Reached skill level 5 in Spellcasting
  5173 | D:6      | Reached skill level 2 in Summonings
  5180 | Temple   | Entered the Ecumenical Temple
  5184 | Temple   | Became a worshipper of Vehumet
  5455 | D:6      | Found a glowing drain.
  5459 | Sewer    | Entered a sewer
  5529 | Sewer    | Reached skill level 5 in Fighting
  5607 | Sewer    | Reached skill level 3 in Summonings
  6001 | Sewer    | Reached XP level 9. HP: 43/61 MP: 13/16
  6865 | D:2      | Bought a book of Callings for 220 gold pieces
  6869 | D:2      | Learned a level 3 spell: Call Canine Familiar
  6873 | D:2      | Learned a level 3 spell: Summon Guardian Golem
  6978 | D:7      | Reached skill level 4 in Summonings
  6985 | D:7      | Reached * piety under Vehumet
  6985 | D:7      | Offered knowledge of Kiss of Death by Vehumet.
  7142 | D:7      | Reached skill level 1 in Hexes
  7230 | D:7      | You fall into a shaft and drop 3 floors!
  7230 | D:10     | Entered Level 10 of the Dungeon
  7506 | D:10     | Noticed Nergalle
  7769 | D:9      | Reached skill level 5 in Summonings
  7812 | D:9      | Killed an unseen horror
  7813 | D:9      | Reached XP level 10. HP: 54/69 MP: 6/18
  7956 | D:9      | Found a flagged portal.
  7965 | Bailey   | Entered a bailey
  8169 | Bailey   | Offered knowledge of Foxfire by Vehumet.
  8254 | Bailey   | Reached ** piety under Vehumet
  8375 | Bailey   | Identified the +5 broad axe "Dudeoco" {heavy, Dex+4}
  8381 | Bailey   | Noticed a two-headed ogre
  8448 | Bailey   | Killed a two-headed ogre
  8449 | Bailey   | Reached skill level 6 in Summonings
  9793 | D:8      | Identified the +2 scale mail "Acivor" {Int+4}
 10608 | D:7      | Found a shadowy altar of Dithmenos.
 10867 | D:7      | Found a runed translucent door.
 10868 | D:7      | Noticed Crazy Yiuf
 11081 | D:8      | Found a glowing silver altar of Zin.
 11084 | D:8      | Found a stormy altar of Qazlal.
 11088 | D:8      | Found a sacrificial altar of Ru.
 11857 | D:10     | Noticed Psyche
 11874 | D:10     | Killed Psyche
 11875 | D:10     | Reached skill level 7 in Summonings
 11875 | D:10     | Reached XP level 11. HP: 75/77 MP: 18/21
 11964 | D:10     | Noticed Sonja
 12177 | D:10     | Offered knowledge of Inner Flame by Vehumet.
 12293 | D:10     | Killed Sonja
 12364 | D:10     | Noticed a deep elf zephyrmancer
 12384 | D:10     | Killed a deep elf zephyrmancer
 12412 | D:10     | Identified the +0 hat of Vehumet's Benevolence {rF+ Int+3}
 12431 | D:10     | Noticed a deep elf zephyrmancer
 12877 | D:10     | Killed Nergalle
 12878 | D:10     | Reached skill level 1 in Air Magic
 13262 | D:11     | Noticed a cyclops
 13314 | D:11     | Noticed Lodul
 13374 | D:11     | Identified the +7 ring mail "Gerat" {-Tele rPois MP+9
                  | Int+3}
 13987 | D:11     | Reached *** piety under Vehumet
 14045 | D:11     | Learned a level 3 spell: Inner Flame
 14070 | D:11     | Learned a level 5 spell: Lee's Rapid Deconstruction
 14107 | D:11     | Noticed a deep troll
 14164 | D:11     | Killed a deep troll
 14253 | D:11     | Killed a cyclops
 14313 | D:11     | Noticed a minotaur
 14316 | D:11     | Noticed tkbsonic5's ghost (journeyman DjAr)
 14488 | D:11     | Noticed a death yak
 14502 | D:11     | Noticed a death yak
 14504 | D:11     | Noticed a death yak
 14506 | D:11     | Noticed a death yak
 14509 | D:11     | Noticed a death yak
 14510 | D:11     | Noticed a death yak
 14514 | D:11     | Killed a death yak
 14515 | D:11     | Reached skill level 10 in Dodging
 14516 | D:11     | Killed a death yak
 14518 | D:11     | Killed a death yak
 14524 | D:11     | Killed a death yak
 14525 | D:11     | Reached skill level 10 in Fighting
 14525 | D:11     | Reached XP level 12. HP: 87/87 MP: 12/22
 14533 | D:11     | Killed a death yak
 14542 | D:11     | Killed a death yak
 14840 | D:11     | Found a staircase to the Lair.
 14845 | D:11     | Found a staircase to the Orcish Mines.
 14988 | D:11     | Offered knowledge of Airstrike by Vehumet.
 15014 | D:11     | Reached skill level 5 in Air Magic
 15019 | D:11     | Learned a level 4 spell: Airstrike
 15104 | D:11     | Killed Lodul
 15105 | D:11     | Reached skill level 5 in Transmutations
 15172 | D:11     | Got A Tutorial on Spellcraft
 15263 | D:11     | Found Louwn's Magic Scroll Shoppe.
 15344 | D:11     | Found a runed translucent gate.
 15344 | D:11     | Found a runed translucent gate.
 15344 | D:11     | Found a runed translucent gate.
 15740 | D:2      | Bought a book of the Sky for 484 gold pieces
 16002 | D:11     | Bought a scroll of blinking for 82 gold pieces
 16370 | D:12     | Noticed a two-headed ogre
 16398 | D:12     | Killed a two-headed ogre
 16564 | D:12     | Noticed a boulder beetle
 16607 | D:12     | Killed a boulder beetle
 17210 | Lair:1   | Entered Level 1 of the Lair of Beasts
 17399 | Lair:1   | Noticed Harold
 17420 | Lair:1   | Killed Harold
 18639 | Lair:2   | Reached XP level 13. HP: 92/92 MP: 9/25
 19385 | Lair:2   | Found a staircase to the Shoals.
 19427 | Lair:2   | Learned a level 7 spell: Storm Form
 19679 | Lair:2   | Reached **** piety under Vehumet
 19697 | Lair:2   | Offered knowledge of Lightning Bolt by Vehumet.
 21687 | Lair:3   | Found a hole to the Spider Nest.
 22414 | Lair:3   | Reached ***** piety under Vehumet
 22414 | Lair:3   | Offered knowledge of Freezing Cloud by Vehumet.
 22984 | Lair:4   | Found a staircase to the Slime Pits.
 22984 | Lair:4   | Found a viscous altar of Jiyva.
 23002 | Lair:4   | Reached skill level 10 in Spellcasting
 23039 | Lair:4   | Reached XP level 14. HP: 73/99 MP: 17/28
 23319 | Lair:4   | Reached skill level 10 in Transmutations
 23319 | Lair:4   | Reached skill level 10 in Air Magic
 23529 | Lair:4   | Identified the +8 chain mail "Dalagg" {Harm rPois rF++
                  | rCorr}
 23896 | Lair:4   | Noticed Rupert
 25070 | Lair:4   | Killed Rupert
 25190 | Lair:5   | Entered Level 5 of the Lair of Beasts
 25729 | Lair:5   | Learned a level 4 spell: Summon Lightning Spire
 26439 | Lair:5   | Reached XP level 15. HP: 105/105 MP: 15/29
 26682 | Lair:5   | Offered knowledge of Yara's Violent Unravelling by Vehumet.
 28724 | Orc:1    | Entered Level 1 of the Orcish Mines
 28838 | Orc:1    | Found Eliho's Distillery.
 28848 | Orc:1    | Bought a potion of haste for 160 gold pieces
 28848 | Orc:1    | Bought a potion of resistance for 160 gold pieces
 29064 | Orc:2    | Entered Level 2 of the Orcish Mines
 29464 | Orc:2    | Offered knowledge of Eringya's Noxious Bog by Vehumet.
 29478 | Orc:2    | Noticed an orc warlord
 29509 | Orc:2    | Killed an orc warlord
 30111 | Orc:2    | Found Guqia's Antique Weapon Shoppe.
 30301 | Orc:2    | Found Roatz's General Store.
 30316 | Orc:2    | Found Nyhulo's Jewellery Shoppe.
 30344 | Orc:2    | Found Tolehur's Antique Armour Shoppe.
 30377 | Orc:2    | Found a staircase to the Elven Halls.
 30621 | Orc:2    | Bought a shimmering great sword for 207 gold pieces
 30621 | Orc:2    | Identified the +8 great sword "Starlight" {venom, Contam
                  | rF+ Str+4 Dex+3} (You bought it in a shop on level 2 of the
                  | Orcish Mines)
 30662 | Orc:1    | Bought a potion of magic for 128 gold pieces
 30662 | Orc:1    | Bought 2 potions of mutation for 256 gold pieces
 30750 | Spider:1 | Entered Level 1 of the Spider Nest
 30797 | Spider:1 | Noticed Farfigtubin's ghost (journeyman SpVM)
 31102 | Spider:1 | Noticed Mlioglotl
 31135 | Spider:1 | Killed Mlioglotl
 31989 | Spider:1 | Noticed Josephine
 31994 | Spider:1 | Killed Josephine
 31995 | Spider:1 | Reached XP level 16. HP: 114/114 MP: 9/30
 32490 | Spider:1 | Offered knowledge of Arcjolt by Vehumet.
 32621 | Spider:1 | Found a transporter.
 32741 | Spider:1 | Found a transporter.
 33289 | Spider:2 | Noticed Louise
 33323 | Spider:2 | Killed Louise
 34204 | Spider:2 | Noticed Arachne
 34221 | Spider:2 | Killed Arachne
 34451 | Spider:2 | Identified the +8 quarterstaff of Okawaru's Approval
                  | {venom, *Noise rC+ Int+3}
 34856 | Spider:2 | Found a runed translucent door.
 34857 | Spider:2 | Found a shimmering altar of Xom.
 34857 | Spider:2 | Noticed Lahaam's ghost (adept MiBe)
 35729 | Spider:3 | Found a runed translucent door.
 35738 | Spider:3 | Found a shimmering altar of Xom.
 35738 | Spider:3 | Noticed Axe's ghost (adept DrFi)
 36118 | Spider:3 | Reached skill level 5 in Earth Magic
 37018 | Spider:4 | Entered Level 4 of the Spider Nest
 37024 | Spider:4 | Offered knowledge of Conjure Ball Lightning by Vehumet.
 37042 | Spider:4 | Learned a level 6 spell: Conjure Ball Lightning
 37714 | Spider:4 | Noticed Aizul
 38031 | Spider:4 | Killed Aizul
 38451 | Spider:4 | Reached XP level 17. HP: 121/122 MP: 18/31
 38836 | Spider:4 | Reached ****** piety under Vehumet
 39166 | Spider:4 | Offered knowledge of Irradiate by Vehumet.
 39177 | Spider:4 | Learned a level 5 spell: Irradiate
 39815 | Spider:4 | Got a gossamer rune of Zot
 40500 | Shoals:1 | Entered Level 1 of the Shoals
 40502 | Shoals:1 | Found Ophietha's Magic Scroll Boutique.
 40543 | Shoals:1 | Found Qishyreno's Distillery.
 40696 | Shoals:1 | Found Wutami's Antique Armour Boutique.
 40697 | Shoals:1 | Bought a potion of heal wounds for 70 gold pieces
 40697 | Shoals:1 | Bought a potion of brilliance for 56 gold pieces
 40697 | Shoals:1 | Bought a potion of heal wounds for 70 gold pieces
 41497 | Shoals:1 | Noticed Kirke
 41507 | Shoals:1 | Offered knowledge of Iron Shot by Vehumet.
 41510 | Shoals:1 | Killed Kirke
 43518 | Shoals:3 | Noticed Nikola
 43533 | Shoals:3 | Killed Nikola
 43534 | Shoals:3 | Reached XP level 18. HP: 54/132 MP: 13/32
 44135 | Shoals:3 | Reached skill level 15 in Dodging
 44142 | Shoals:3 | Reached skill level 15 in Fighting
 44142 | Shoals:3 | Reached skill level 10 in Earth Magic
 44430 | Shoals:4 | Entered Level 4 of the Shoals
 45364 | Shoals:4 | Noticed Roxanne
 45568 | Shoals:4 | Offered knowledge of Fire Storm by Vehumet.
 45568 | Shoals:4 | Offered knowledge of Shatter by Vehumet.
 45568 | Shoals:4 | Offered knowledge of Chain Lightning by Vehumet.
 45636 | Shoals:4 | Got a barnacled rune of Zot
 46844 | Elf:1    | Entered Level 1 of the Elven Halls
 47502 | Elf:1    | Got the Handbook of Blows
 47548 | Elf:1    | Reached XP level 19. HP: 96/139 MP: 18/33
 48032 | Elf:2    | Found a crumbling gateway.
 48063 | Elf:2    | Paralysed by an air elemental for 1 turns
 48203 | Desolati | Entered the Desolation of Salt
 48312 | Desolati | Identified the +8 halberd of Zast {venom, Fragile rC+ rCorr
                  | Dex+4}
 48312 | Desolati | Identified the ring of Conformity {Contam rF+++ rC+ Will++
                  | Int+3}
 48399 | Desolati | Identified the +3 short sword "Ylozik" {holy, Contam +Blink
                  | Str+4 Int+3}
 48564 | Desolati | Identified the ring "Igrodgh" {rPois Int+2}
 48618 | Desolati | Identified the +2 robe "Koinaopp" {rN+++ Regen+ SInv
                  | Stlth-}
 48619 | Desolati | Identified the amulet of Kagynir {RegenMP Dex+2}
 48660 | Desolati | Identified the +3 long sword of Honour {protect, Contam rF+
                  | Dex+5}
 48662 | Desolati | Identified the +5 short sword of Due Proportion {drain,
                  | rCorr Str+2}
 49202 | Elf:2    | Found a runed translucent gate.
 49202 | Elf:2    | Found a runed translucent gate.
 49202 | Elf:2    | Found a runed translucent gate.
 49429 | Elf:2    | Paralysed by an air elemental for 1 turns
 49699 | Elf:3    | Entered Level 3 of the Elven Halls
 51334 | Elf:3    | Reached XP level 20. HP: 137/154 MP: 7/34
 51425 | Elf:3    | Identified the +10 glaive of Success {protect, Dex+2}
 51606 | Elf:3    | Identified the +5 long sword of Tyot {vamp, Will+}
 51623 | Elf:3    | Identified the ring "Zecefiad" {Dex+4 SInv}
 51856 | Elf:3    | Found the +0 staff of Battle
 51864 | Elf:3    | Got the Handbook of the Mercurial Fairies
 52006 | Elf:3    | Got the Textbook on Underground Contamination
 52346 | Orc:2    | Bought a ring of protection from cold for 375 gold pieces
 52689 | D:4      | Killed cforsyth's ghost
 52859 | D:11     | Killed tkbsonic5's ghost
 52988 | D:13     | Noticed Snorg
 52996 | D:13     | Killed Snorg
 53324 | D:13     | Found a gate to the Vaults.
 53641 | D:14     | Found a frozen archway.
 53656 | IceCv    | Entered an ice cave
 53851 | IceCv    | Found a transporter.
 53858 | IceCv    | Found a transporter.
 54544 | D:15     | Entered Level 15 of the Dungeon
 54777 | D:15     | Found Zucavuge's Armour Boutique.
 54887 | D:15     | Found a staircase to the Depths.
 55186 | Vaults:1 | Entered Level 1 of the Vaults
 55574 | Vaults:1 | Reached XP level 21. HP: 128/162 MP: 34/36
 56209 | Vaults:1 | Found Liavit's Weapon Emporium.
 56324 | Vaults:1 | Identified the +3 sling of Prudence {freeze, rF+ rC+ Dex+5}
 56889 | Vaults:2 | Learned a level 9 spell: Shatter
 57478 | Vaults:2 | Found a staircase to the Crypt.
 58548 | Vaults:3 | Noticed a dread lich
 58560 | Vaults:3 | Killed a dread lich
 58561 | Vaults:3 | Reached skill level 15 in Earth Magic
 58561 | Vaults:3 | Reached XP level 22. HP: 144/168 MP: 35/40
 58663 | Vaults:3 | Identified the +1 robe of Generosity {rPois rN+ Regen+}
 61820 | Vaults:4 | Learned a level 8 spell: Lehudib's Crystal Spear
 62107 | Vaults:5 | Entered Level 5 of the Vaults
 62107 | Vaults:5 | Noticed a golden dragon
 62111 | Vaults:5 | Reached XP level 23. HP: 167/174 MP: 41/41
 62115 | Vaults:5 | Reached skill level 15 in Spellcasting
 62117 | Vaults:5 | Killed a golden dragon
 62129 | Vaults:5 | Noticed a golden dragon
 62136 | Vaults:5 | Noticed an ancient lich
 62210 | Vaults:4 | Learned a level 7 spell: Spellforged Servitor
 62264 | Vaults:5 | Reached skill level 5 in Conjurations
 62552 | Vaults:4 | Killed a golden dragon
 62851 | Vaults:4 | You are sucked into a shaft and drop 1 floor!
 62858 | Vaults:5 | Killed an ancient lich
 63325 | Vaults:5 | Identified the +4 falchion of Balance {antimagic, rC+
                  | Dex+2}
 63404 | Vaults:5 | Got a silver rune of Zot
 63440 | Vaults:5 | Found the +7 sceptre of Torment {pain, torment}
 63445 | Vaults:5 | Identified the ring "Urreg" {Fly rElec rC- Will+ Dex+5}
 63506 | Vaults:5 | Reached XP level 24. HP: 172/181 MP: 14/43
 63678 | Vaults:5 | Identified the +7 war axe of Infinite Pain {flame, rF+
                  | Str+2}
 63678 | Vaults:5 | Identified the ring "Gyirooku" {Fly rPois MP+9}
 63799 | Vaults:5 | Found Zafu's Book Shoppe.
 63803 | Vaults:5 | Got Sif Muna's Discourse on Algid Dislocation
 63805 | Vaults:5 | Identified the +9 halberd "Redgheum" {distort, Str+3}
 63844 | Vaults:5 | Identified the +7 shortbow of Ruddew {flame, Will++ Dex-5
                  | Stlth+}
 64089 | Vaults:5 | Identified the +0 falchion of Spontaneous Combustion
                  | {drain, *Rage rPois Int+2}
 64662 | Depths:1 | Entered Level 1 of the Depths
 64788 | Depths:1 | Found a hide-covered altar of Uskayaw.
 64850 | Depths:1 | Reached skill level 8 in Summonings
 64906 | Depths:1 | Identified the +2 falchion "Xijiskev" {drain, Str+2}
 64977 | Depths:1 | Found a gateway to Hell.
 65108 | Depths:1 | Reached skill level 1 in Evocations
 65141 | Depths:1 | Noticed Asterion
 65148 | Depths:1 | Killed Asterion
 65439 | Depths:2 | Found Xofir's Assorted Antiques.
 65452 | Depths:2 | Bought a scroll of fog for 176 gold pieces
 66067 | Depths:2 | Found a one-way gate to the infinite horrors of the Abyss.
 66496 | Depths:2 | Found a one-way gate leading to the halls of Pandemonium.
 66592 | Depths:2 | Found a shimmering blue altar of Sif Muna.
 66739 | Depths:3 | Reached skill level 9 in Summonings
 66767 | Depths:3 | Reached skill level 5 in Evocations
 67043 | Depths:3 | Reached skill level 10 in Summonings
 67954 | Depths:3 | Reached skill level 11 in Summonings
 67955 | Depths:3 | Reached XP level 25. HP: 186/189 MP: 43/43
 68148 | Depths:4 | Entered Level 4 of the Depths
 68369 | Depths:4 | Reached skill level 12 in Summonings
 68599 | Depths:4 | Found a gate to the Realm of Zot.
 68731 | Depths:4 | Identified the +9 rapier "Dyneyt" {drain, Will++ Int+3}
 68739 | Depths:4 | Reached skill level 13 in Summonings
 68834 | Depths:4 | Found a white marble altar of Elyvilon.
 68849 | Depths:4 | Found a one-way gateway to a ziggurat.
 69330 | Crypt:1  | Entered Level 1 of the Crypt
 69388 | Crypt:1  | Reached skill level 14 in Summonings
 69958 | Crypt:1  | Noticed Xtahua
 70205 | Crypt:1  | Killed Xtahua
 70622 | Crypt:1  | Found a basalt altar of Yredelemnul.
 70669 | Crypt:1  | Identified the +8 falchion of the Holding Seer {drain, Fly
                  | rF- rN+ Int+5}
 71051 | Crypt:2  | Reached skill level 15 in Summonings
 71861 | Crypt:3  | Entered Level 3 of the Crypt
 71968 | Crypt:3  | Reached skill level 16 in Summonings
 71969 | Crypt:3  | Noticed a dread lich
 72064 | Crypt:3  | Killed a dread lich
 72187 | Crypt:3  | Reached skill level 17 in Summonings
 72473 | Crypt:3  | Found an ancient bone altar of Kikubaaqudgha.
 72481 | Crypt:3  | Found a basalt altar of Yredelemnul.
 72667 | Crypt:3  | Found a staircase to the Tomb.
 72757 | Crypt:3  | Reached XP level 26. HP: 196/196 MP: 30/43
 73947 | Zot:1    | Entered Level 1 of the Realm of Zot
 73965 | Zot:1    | Learned a level 7 spell: Malign Gateway
 73977 | Zot:1    | Learned a level 5 spell: Summon Mana Viper
 74537 | Zot:1    | You are sucked into a shaft and drop 1 floor!
 74561 | Zot:2    | Reached skill level 1 in Translocations
 75048 | Zot:2    | Reached skill level 18 in Summonings
 75440 | Zot:2    | Reached skill level 5 in Translocations
 76549 | Zot:1    | Reached skill level 19 in Summonings
 76582 | Zot:1    | Noticed a Killer Klown
 76592 | Zot:1    | Killed a Killer Klown
 77023 | Zot:1    | Noticed an orb of fire
 77030 | Zot:1    | Reached skill level 20 in Summonings
 77037 | Zot:1    | Killed an orb of fire
 77684 | Zot:1    | Identified a scroll of acquirement
 77707 | Zot:1    | Acquired a manual of Earth Magic
 78969 | Zot:3    | Reached skill level 21 in Summonings
 78972 | Zot:3    | Reached skill level 1 in Unarmed Combat
 78972 | Zot:3    | Reached XP level 27. HP: 158/201 MP: 43/43
 79075 | Zot:4    | Reached skill level 5 in Unarmed Combat
 79651 | Zot:4    | Noticed Parghit
 79660 | Zot:4    | Killed Parghit
 80196 | Zot:5    | Entered Level 5 of the Realm of Zot
 81046 | Zot:5    | Noticed an ancient lich
 81081 | Zot:5    | Killed an ancient lich
 81082 | Zot:5    | Reached skill level 10 in Unarmed Combat
 81172 | Zot:5    | Noticed an ancient lich
 81173 | Zot:5    | Got the Orb of Zot
 81177 | Zot:5    | Noticed an orb of fire
 81177 | Zot:5    | Noticed an orb of fire
 81178 | Zot:5    | Killed an ancient lich
 81181 | Zot:5    | Noticed an ancient lich
 81183 | Zot:5    | Killed an ancient lich
 81184 | Zot:5    | Noticed an orb of fire
 81186 | Zot:5    | Gained mutation: You sometimes lose your temper in combat.
                  | [an orb of fire]
 81188 | Zot:5    | Killed an orb of fire
 81190 | Zot:5    | Gained mutation: You are vulnerable to heat. (rF-) [an orb
                  | of fire]
 81191 | Zot:5    | Killed an orb of fire
 81191 | Zot:5    | Killed an orb of fire
 81205 | Zot:5    | Noticed a dread lich
 81218 | Zot:5    | Killed a dread lich
 81269 | Zot:5    | Lost mutation: You are vulnerable to heat. (rF-) [potion of
                  | mutation]
 81269 | Zot:5    | Lost mutation: You sometimes lose your temper in combat.
                  | [potion of mutation]
 81269 | Zot:5    | Gained mutation: You are frail. (-10% HP) [potion of
                  | mutation]
 81269 | Zot:5    | Gained mutation: You are agile. (Dex +4, Str/Int -1)
                  | [potion of mutation]
 81270 | Zot:5    | Lost mutation: You are agile. (Dex +4, Str/Int -1) [potion
                  | of mutation]
 81270 | Zot:5    | Lost mutation: You are frail. (-10% HP) [potion of
                  | mutation]
 81270 | Zot:5    | Gained mutation: Your spells are a little harder to cast,
                  | but a little more powerful. [potion of mutation]
 81270 | Zot:5    | Gained mutation: You are robust. (+10% HP) [potion of
                  | mutation]
 81270 | Zot:5    | Gained mutation: You are dopey. (Int -2) [potion of
                  | mutation]
 81467 | Zot:1    | Noticed Seth the pandemonium lord
 81620 | D:15     | Noticed Lumunut the pandemonium lord
 81648 | D:14     | Reached skill level 15 in Unarmed Combat
 81940 | D:$      | Escaped with the Orb!

Illustrated notes

Levels and vault maps discovered:
D:1:      minmay_arrival_stone_box, layout_rooms, st_stairs_11,
          serial_bayou_lagoon_a
D:2:      layout_basic, serial_shops, shop, uniq_jessica
D:3:      kennysheep_six_static_rooms, layout_basic,
          hellmonk_ecumenical_altar_prayer_group
D:4:      minmay_chambers_of_threes, layout_basic, ebering_ghost_disaster_area
D:5:      layout_rooms
D:6:      layout_gridville, minmay_temple_entry_ruins, gup_sewer_entry_bowl
D:7:      layout_loops_corners, mainiacjoe_overflow_brackets,
          chequers_serial_rivers_small_3, uniq_crazy_yiuf_cottage
D:8:      layout_basic, grunt_temple_overflow_diamond
D:9:      layout_big_octagon, enter_bailey_2, kb_lookout_dungeons_type
D:10:     layout_loops_ring, dreamdust_princess_bridge, corexii_hall_statues_x,
          wad_floor_pattern_untrapped, hangedman_minor_magic, uniq_nergalle,
          uniq_psyche, uniq_sonja
D:11:     dreamdust_cave_troll, layout_loops_corners, dpeg_lair_monsters,
          orc_0_dummy, serial_shops, nicolae_shop_waterfront,
          maelrawn_ghost_gauntlet_escape, uniq_lodul
D:12:     layout_basic
D:13:     layout_stronghold, erik_vaults_1, uniq_snorg
D:14:     layout_roguey, portal_ice_cave_entry_pillars_2
D:15:     grunt_enter_depths_magical_seal, layout_gridville, kennysheep_doodads,
          serial_shops, nicolae_square_shop, minmay_misc_feat_x
Temple:   nicolae_temple_bog_church
Lair:1:   layout_regular_city, grunt_megastairs_3, uniq_harold
Lair:2:   layout_loops_ring, nicolae_shoals_entry_roost, serial_rivers,
          chequers_serial_rivers_micro_c, chequers_serial_rivers_small_a,
          chequers_serial_rivers_large_b, chequers_serial_rivers_small_a,
          chequers_serial_rivers_small_3
Lair:3:   layout_chaotic_city, dummy_spider_entry, dreamdust_gnoll_shepherd,
          grunt_megastairs_4
Lair:4:   layout_loops_ring, slime_entry_1, uniq_rupert
Lair:5:   minmay_lair_end_enchanted_forest, layout_hall_layers,
          grunt_megastairs_1
Shoals:1: layout_shoals, serial_shops, shop, shop, shop_fountains, uniq_kirke
Shoals:2: layout_shoals, nicolae_shoals_hidden_pirate_stash
Shoals:3: argonaut_golden_fleece, layout_shoals,
          nicolae_shoals_spring_well_temple, uniq_nikola
Shoals:4: shoals_end_grunt_ice, layout_shoals, uniq_roxanne
Spider:1: layout_chambers, nzn_ghost_randoct, uniq_mlioglotl, uniq_josephine
Spider:2: layout_spider_delve, special_room [special_room_bee],
          ebering_ghost_xom, hangedman_spider_mandibles, uniq_louise,
          uniq_arachne
Spider:3: layout_chambers, ebering_ghost_xom, hangedman_spider_tarantella_strand
Spider:4: spider_rune_water, uniq_aizul
Orc:1:    layout_diamond_mine, basic_altar, serial_shops, shop
Orc:2:    grunt_orc_cross, layout_caves
Elf:1:    eino_elf_arrival_sip, layout_loops_cross, minmay_elf_annihilation,
          st_stairs_11
Elf:2:    nicolae_elf_blades_crystal_corner, layout_onion_city,
          portal_desolation_entry_ruin, uniq_agnes
Elf:3:    grunt_elf_hall_branching, layout_loops_ring
Vaults:1: st_cross, v_misc_13, ontoclasm_vaults_claustrophobia,
          grunt_vaults_bifocal, vaults_standard_mumra_x, v_alt_pattern_5,
          v_misc_2, v_pattern_2, v_misc_19, v_misc_11,
          nicolae_vaults_little_squares_1, layout_vaults_omnibox, serial_shops,
          shop_fountains
Vaults:2: v_misc_25, ontoclasm_vaults_bender, minmay_crypt_entry_nasty_monster,
          nicolae_vaults_circle_grid_b, v_rooms_6, grunt_vaults_focal,
          v_rooms_1, nicolae_vaults_shelves_hall, v_misc_17, st_cells,
          vaults_mumra_hexcomb, hangedman_vaults_nodes,
          nicolae_vaults_network_barrier, layout_vaults_maze_snakey
Vaults:3: mu_enter_wizlab_1, hangedman_vaults_trim, grunt_vaults_twisty,
          vaults_room_large_hall, v_misc_30, nicolae_vaults_little_squares_6,
          vaults_room_hallway, st_smaller_cells, layout_vaults_quadrants
Vaults:4: ontoclasm_vaults_ring_large, ontoclasm_vaults_ligature,
          ontoclasm_vaults_decontamination, st_lines, ontoclasm_vaults_eye,
          ontoclasm_vaults_spin, vaults_standard_mumra_lines, v_pattern_4,
          layout_vaults_big_room
Vaults:5
Crypt:1:  layout_chaotic_city, basic_altar, grunt_crypt_arrival_webbed,
          uniq_xtahua
Crypt:2:  layout_regular_city
Crypt:3:  lightli_unholy_cathedral, layout_chaotic_city,
          nicolae_tomb_entry_unfolded_pyramid_diagonal, minmay_misc_feat_cross
Depths:1: layout_cave_pools, pf_hell_entry_great_geh, minmay_misc_feat_five,
          nicolae_uskayaw_suspiria, uniq_asterion
Depths:2: minmay_isolated_rectangles_in_corner, layout_gridlike, hell_entry,
          abyss_entry_small_statue_room, lemuel_blue_sif_altar, serial_shops,
          nicolae_shop_competitors_out_of_business, rand_demon_pan_entry_9,
          infiniplex_staircase_zigzag_3, serial_bayou_shore_b
Depths:3: hangedman_arch_fort, layout_honeycomb, dreamdust_wishing_well,
          grunt_hell_horde, abyss_entry_glasseish
Depths:4: grunt_zot_entry_tricorne, layout_gridville, enter_ziggurat_d,
          abyss_entry, hell_entry, elyvilon_altar_5, serial_bayou_shore_b
Zot:1:    kennysheep_blocky_room, layout_cellular_growth
Zot:2:    layout_gridville, st_stairs_3, grunt_megastairs_5
Zot:3:    layout_gridlike, st_grand_hoard_of_tiamat, uniq_josephina
Zot:4:    layout_cellular_growth, uniq_parghit
Zot:5:    layout_gridville

Skill      XL: |  1  2  3  4  5  6  7  8  9 10 11 12 13 14 15 16 17 18 19 20 21 22 23 24 25 26 27 |
---------------+----------------------------------------------------------------------------------+-----
Fighting       | 1 2 3 4 5 6 8 10 11 13 14 16 18 19 20 | 20.5
Dodging        | 3 4 6 7 8 10 12 13 14 16 18 19 20 | 20.0
Spellcasting   | 3 4 5 7 8 10 11 14 16 | 16.0
Earth Magic    | 4 6 9 10 12 15 19 | 19.0
Conjurations   | 1 2 3 8 |  8.0
Summonings     | 3 5 7 11 17 21 | 21.0
Hexes          | 3 |  3.0
Air Magic      | 3 7 9 12 13 14 | 14.0
Transmutations | 3 7 9 12 13 14 | 14.0
Evocations     | 8 |  8.0
Translocations | 6 |  6.0
Unarmed Combat | 1 15 | 15.1
Stealth        | |  2.6

Action                     |  1- 3 |  4- 6 |  7- 9 | 10-12 | 13-15 | 16-18 | 19-21 | 22-24 | 25-27 || total
---------------------------+-------+-------+-------+-------+-------+-------+-------+-------+-------++-------
  Melee: Club              |     4 |       |       |       |       |       |       |       |       ||     4
         Constrict         |     3 |     3 |    18 |    29 |     8 |     1 |       |     1 |       ||    63
         Tentacles         |     1 |     3 |    18 |    27 |    15 |       |       |     1 |       ||    65
         Whip              |     9 |    11 |    59 |    94 |    47 |       |       |       |       ||   220
         Hand axe          |     1 |     6 |       |       |       |       |       |       |       ||     7
         Punch             |       |       |     1 |       |     3 |    13 |    19 |    12 |    36 ||    84
         Unarmed           |       |       |       |       |   232 |   664 |   682 |   520 |   550 ||  2648
         Quarterstaff      |       |       |       |       |       |     2 |       |     2 |       ||     4
         Falchion          |       |       |       |       |       |       |       |       |     1 ||     1
  Throw: Dart              |       |     1 |    27 |    14 |     1 |       |       |       |       ||    43
         Throwing net      |       |       |       |     1 |       |       |       |       |       ||     1
   Cast: Sandblast         |    38 |    84 |   101 |    17 |     1 |       |       |       |       ||   241
         Call Canine Famil |       |       |    12 |    72 |    76 |    32 |     2 |       |       ||   194
         Summon Guardian G |       |       |    11 |    91 |   102 |    32 |    11 |       |       ||   247
         Stone Arrow       |       |       |       |     5 |     1 |       |       |       |       ||     6
         Airstrike         |       |       |       |     8 |    49 |    43 |    15 |     2 |       ||   117
         Lee's Rapid Decon |       |       |       |     2 |    53 |    22 |   180 |    31 |     1 ||   289
         Inner Flame       |       |       |       |       |    38 |    47 |     1 |       |       ||    86
         Storm Form        |       |       |       |       |    55 |   128 |    90 |    62 |   112 ||   447
         Summon Lightning  |       |       |       |       |    73 |   156 |    76 |    23 |       ||   328
         Conjure Ball Ligh |       |       |       |       |       |     7 |       |       |       ||     7
         Irradiate         |       |       |       |       |       |     4 |    23 |    12 |     7 ||    46
         Shatter           |       |       |       |       |       |       |       |    62 |    86 ||   148
         Spellforged Servi |       |       |       |       |       |       |       |    27 |    99 ||   126
         Malign Gateway    |       |       |       |       |       |       |       |       |    32 ||    32
         Summon Mana Viper |       |       |       |       |       |       |       |       |     1 ||     1
         Lehudib's Crystal |       |       |       |       |       |       |       |       |     1 ||     1
Ability: Blinkbolt         |       |       |       |       |     2 |    38 |    38 |    18 |    12 ||   108
  Evoke: Wand              |       |       |    14 |     2 |       |     8 |     1 |       |     5 ||    30
         Phantom mirror    |       |       |       |       |       |       |       |       |     2 ||     2
         Condenser vane    |       |       |       |       |       |       |       |       |     3 ||     3
    Use: Scroll            |     2 |     5 |     8 |    15 |     7 |     8 |     3 |     4 |     8 ||    60
         Potion            |       |       |       |     5 |     3 |     4 |     1 |     1 |    11 ||    25
   Stab: Distracted        |       |       |     1 |     2 |     5 |    12 |    14 |    16 |    18 ||    68
         Sleeping          |       |       |       |       |       |     2 |     2 |       |       ||     4
         Betrayed ally     |       |       |       |       |       |       |     2 |       |       ||     2
 Armour: Skin              |     1 |     6 |    14 |    26 |    98 |   302 |   162 |   136 |   129 ||   874
  Dodge: Dodged            |     9 |    17 |    50 |   118 |   360 |  1288 |  1356 |  1035 |  1113 ||  5346

Table legend: (Time is in decaauts)
 A = Elapsed time spent in this place.
 B = Non-inter-level travel time spent in this place.
 C = Inter-level travel time spent in this place.
 D = Time resting spent in this place.
 E = Time spent auto-exploring this place.
 F = Levels seen in this place.
 G = Mean time per level.
                   A        B        C        D        E       F      G
               +--------+--------+--------+--------+--------+-----+--------+
         Total |  82170 |  76149 |   6021 |  22669 |  32420 |  55 | 1494.0 |
       Dungeon |  18988 |  16397 |   2591 |   3949 |   7693 |  15 | 1265.9 |
        Temple |      8 |      8 |      0 |      0 |      0 |   1 |    8.0 |
          Lair |  11729 |  10845 |    884 |   3905 |   4240 |   5 | 2345.8 |
        Shoals |   6430 |   6081 |    349 |   1919 |   2630 |   4 | 1607.5 |
   Spider Nest |   9704 |   9446 |    258 |   3207 |   3644 |   4 | 2426.0 |
  Orcish Mines |   2107 |   1851 |    256 |    598 |    871 |   2 | 1053.5 |
   Elven Halls |   4729 |   4590 |    139 |   1388 |   1418 |   3 | 1576.3 |
        Vaults |   9923 |   9099 |    824 |   2047 |   5021 |   5 | 1984.6 |
         Crypt |   3567 |   3367 |    200 |    677 |   1952 |   3 | 1189.0 |
        Depths |   5042 |   4717 |    325 |    857 |   2929 |   4 | 1260.5 |
           Zot |   7235 |   7043 |    192 |   2936 |   1688 |   5 | 1447.0 |
         Sewer |    691 |    691 |      0 |    225 |    128 |   1 |  691.0 |
        Bailey |   1062 |   1062 |      0 |    704 |     39 |   1 | 1062.0 |
      Ice Cave |    220 |    220 |      0 |    179 |      0 |   1 |  220.0 |
    Desolation |    727 |    727 |      0 |     75 |    167 |   1 |  727.0 |
               +--------+--------+--------+--------+--------+-----+--------+

Top non-repeatable levels by time:
  Lair:5: 3375 daAuts
    D:11: 2982 daAuts
  Lair:2: 2891 daAuts
Spider:4: 2862 daAuts
Spider:1: 2730 daAuts
   Zot:2: 2570 daAuts
Vaults:2: 2526 daAuts
Vaults:4: 2299 daAuts
  Lair:4: 2248 daAuts
   Elf:3: 2118 daAuts
Spider:3: 2103 daAuts
Vaults:3: 2072 daAuts
     D:4: 2057 daAuts
Spider:2: 2008 daAuts
     D:9: 1902 daAuts
